 Dungeon Crawl Stone Soup version 0.30.0-16-gbe6223bb7e (webtiles) character file.

Game seed: 7883997660042846462

406 NateTC the Cutter (level 7, -7/46 HPs)
             Began as a Kobold Fighter on May 20, 2023.
             Killed by divine providence
             ... invoked by an orc priest
              (12 damage)
             ... on level 3 of the Dungeon.
             The game lasted 00:02:59 (2756 turns).

NateTC the Cutter (Kobold Fighter)                  Turns: 2756, Time: 00:03:00

Health: -7/46      AC:  9    Str: 15    XL:     7   Next: 12%
Magic:  7/7        EV:  8    Int: 10    God:
Gold:   167        SH:  6    Dex: 14    Spells: 6/6 levels left

rFire   . . .        a - +1 rapier
rCold   . . .        c - +2 buckler
rNeg    . . .        g - +0 chain mail
rPois   .            d - +0 helmet
rElec   .            (no cloak)
rCorr   .            (no gloves)
SInv    .            (no boots)
Will    .....        (no amulet) Stlth
                     (no ring)
HPRegen 0.27/turn    (no ring)
MPRegen 0.10/turn

%: no passive effects
@: brilliant
A: small, no large weapons, nightstalker 3
a: no special abilities


You were on level 3 of the Dungeon.
You visited 1 branch of the dungeon, and saw 3 of its levels.

You collected 167 gold pieces.

Inventory:

Hand Weapons
 a - a +1 rapier (weapon)
Armour
 c - a +2 buckler (worn)
 d - a +0 helmet (worn)
 g - a +0 chain mail (worn)
Wands
 b - a wand of polymorph (6)
Scrolls
 e - a scroll of teleportation
 j - a scroll of magic mapping
 l - a scroll of enchant weapon
 o - a scroll of immolation {unknown}
 q - a scroll of identify
 r - a scroll of enchant armour
 s - a scroll of amnesia
Potions
 f - a potion of flight
 h - a potion of magic {unknown}
 i - a potion of brilliance
 k - a potion of curing {unknown}
 m - a potion of berserk rage {unknown}
 n - a potion of invisibility {unknown}
 p - a potion of degeneration {unknown}
 t - a potion of heal wounds {unknown}


   Skills:
 * Level 6.2 Fighting
 * Level 6.8 Short Blades
 - Level 2.4 Armour
 - Level 2.4 Shields


You had 6 spell levels left.
You didn't know any spells.
Your spell library contained the following spells:

 Spells                   Type           Power      Damage    Failure   Level
 Call Canine Familiar     Summ           0%         N/A       100%        3
 Portal Projectile        Hex/Tloc       0%         N/A       100%        3
 Stone Arrow              Conj/Erth      0%         3d7       100%        3
 Animate Armour           Summ/Erth      0%         N/A       100%        4
 Leda's Liquefaction      Hex/Erth       0%         N/A       100%        4
 Lehudib's Crystal Spear  Conj/Erth      0%         10d2      100%        8


Dungeon Overview and Level Annotations

Branches:
Dungeon (3/15) Zot: 15251

Altars:
Ru

Shops:
D:2 [


Innate Abilities, Weirdness & Mutations

You are small and have problems with some larger weapons.
You are completely attuned to the shadows.


Message History

You are too injured to fight recklessly!
You are too injured to fight recklessly!
You are too injured to fight recklessly!
You are too injured to fight recklessly!
You are too injured to fight recklessly!
You are too injured to fight recklessly!
You closely miss something. Something hits you.
You hit something. Something hits you.
You hit something. Something hits you.
The orc priest mumbles some strange prayers to Beogh against you.
Something writhes in agony!
Reactivating autopickup.
You feel a bit more experienced.
The orc priest calls down the wrath of Beogh upon you.
You struggle to resist.
The orc hits you but does no damage.
Items here: ) [ ††.
You hit the orc priest.
The orc priest is moderately wounded.
The orc priest invokes the aid of Beogh against you.
Pain shoots through your body!
* * * LOW HITPOINT WARNING * * *
The orc closely misses you.
You hit the orc priest but do no damage.
The orc priest is moderately wounded.
You closely miss the orc priest.
The orc priest is moderately wounded.
The orc barely misses you.
The orc priest hits you with a +0 hand axe.
* * * LOW HITPOINT WARNING * * *
It was a potion of brilliance.
You feel clever all of a sudden. You block the orc's attack.
The orc priest barely misses you.
You hit the orc priest but do no damage.
The orc priest is moderately wounded.
You block the orc priest's attack. The orc hits you but does no damage.
You hit the orc priest but do no damage.
The orc priest is moderately wounded.
The orc priest mumbles some strange prayers to Beogh against you.
Beogh smites you!
You die...

.. ..# ### ...... ..#
._.#.# #.#
.....####.####
....oo..[.....
....#@###.######
...##.###.#..... .
..........#.####.###.#
..###.##.....#.....#..
#.##...........##.
#.##.............#
#...........#..
#.....#..).....
#########......


You could see an orc priest and an orc.

Vanquished Creatures
  Sigmund (D:2)
  An orc priest (D:3)
  Ijyb (D:3)
  An orc wizard (D:3)
  Robin (D:3)
  3 gnolls (D:3)
  4 adders
  2 worms (D:2)
  2 dart slugs (D:3)
  7 orcs (D:3)
  2 endoplasms
  9 goblins
  3 hobgoblins
  4 jackals (D:3)
  6 kobolds
  A ball python (D:1)
  3 bats
  2 frilled lizards
  5 rats
58 creatures vanquished.

Vanquished Creatures (others)
  An orc wizard (D:3)
1 creature vanquished.

Grand Total: 59 creatures vanquished

Notes
Turn   | Place    | Note
-------+----------+-------------------------------------------
     0 | D:1      | NateTC the Kobold Fighter began the quest for the Orb.
     0 | D:1      | Reached XP level 1. HP: 14/14 MP: 1/1
   354 | D:1      | Reached XP level 2. HP: 19/19 MP: 2/2
  1039 | D:2      | Noticed Sigmund
  1047 | D:2      | Killed Sigmund
  1048 | D:2      | Reached skill level 5 in Fighting
  1048 | D:2      | Reached skill level 5 in Short Blades
  1048 | D:2      | Reached XP level 3. HP: 7/26 MP: 3/3
  1048 | D:2      | Reached XP level 4. HP: 8/31 MP: 4/4
  1048 | D:2      | Reached XP level 5. HP: 9/35 MP: 5/5
  1256 | D:2      | Reached XP level 6. HP: 32/40 MP: 6/6
  1538 | D:2      | Found Dikaak's Armour Emporium.
  2006 | D:3      | Noticed Ijyb
  2020 | D:3      | Killed Ijyb
  2541 | D:3      | Noticed Robin
  2559 | D:3      | Killed Robin
  2645 | D:3      | Reached XP level 7. HP: 39/46 MP: 7/7
  2719 | D:3      | Found a sacrificial altar of Ru.
  2756 | D:3      | Killed from afar by an orc priest

Illustrated notes

Levels and vault maps discovered:
D:1:      tarquinn_simple_flora_water_d, layout_loops_ring
D:2:      layout_basic, serial_shops, shop, nicolae_figureground_pulse,
          uniq_sigmund
D:3:      layout_loops_ring, grunt_temple_overflow_open, uniq_robin, uniq_ijyb

Skill      XL: |  1  2  3  4  5  6 |
---------------+-------------------+-----
Short Blades   | 3 5 6 |  6.8
Fighting       | 5 6 |  6.2
Armour         | |  2.4
Shields        | |  2.4

Action                     |  1- 3 |  4- 6 |  7- 9 || total
---------------------------+-------+-------+-------++-------
  Melee: Rapier            |    53 |   163 |    40 ||   256
    Use: Scroll            |     7 |     5 |       ||    12
         Potion            |     1 |     1 |     1 ||     3
 Armour: Scale mail        |    14 |    11 |       ||    25
         Chain mail        |       |    60 |    37 ||    97
  Dodge: Dodged            |    13 |    61 |    27 ||   101
  Block: Buckler           |    12 |    57 |    21 ||    90
